BSA
BAFFIN ISLAND BEAVERS @ SAN FRANCISCO BANDITS
05/13/2026
 
TOP OF THE 1ST
Baffin Island Beavers batting - Pitching for San Francisco Bandits : RHP Álex Rodríguez
Pitching: RHP Álex Rodríguez
Batting: LHB Chris Bates 0-0: Called Strike
0-1: Ball
1-1: Foul Ball, location: 2F
1-2: SINGLE (Groundball, 34)
Batting: LHB Jeff Cole 0-0: Called Strike
0-1: Swinging Strike
0-2: Ball
1-2: Foul Ball, location: 2F
1-2: Ball
2-2: Ball
3-2: Fly out, F9 (Line Drive, 9LM)
Batting: SHB Alonso Ferreira 0-0: Called Strike
Pickoff Throw to First - Out!
0-1: Ball
1-1: Ball
2-1: Ball
3-1: Base on Balls
Batting: LHB Lorenzo Villa 0-0: Ball
1-0: Foul Ball, location: 2F
1-1: Fly out, F3 (Popup, 23F)
Top of the 1st over - 0 run(s), 1 hit(s), 0 error(s), 1 left on base; Baffin Island 0 - San Francisco 0
BOTTOM OF THE 1ST
San Francisco Bandits batting - Pitching for Baffin Island Beavers : LHP Marcos Benítez
Pitching: LHP Marcos Benítez
Batting: RHB Pete Rideout 0-0: Ball
1-0: Called Strike
1-1: Ball
2-1: SINGLE (Line Drive, 7LM)
Batting: LHB Jerry Bryan 0-0: Ground out U3 (Groundball, 3S)
Pete Rideout to second
Batting: RHB Jorge Morales 0-0: Called Strike
0-1: SINGLE (Line Drive, 7S)
Pete Rideout to third
Batting: RHB Michael Elliott 0-0: Ball
1-0: Called Strike
1-1: Called Strike
1-2: Foul Ball, location: 2F
1-2: Fly out, F5 (Popup, 15)
Batting: RHB Cory Foster 0-0: Ball
1-0: Called Strike
1-1: Foul Ball, location: 2F
1-2: Foul Ball, location: 2F
1-2: Strikes out swinging
Bottom of the 1st over - 0 run(s), 2 hit(s), 0 error(s), 2 left on base; Baffin Island 0 - San Francisco 0
TOP OF THE 2ND
Baffin Island Beavers batting - Pitching for San Francisco Bandits : RHP Álex Rodríguez
Batting: RHB Tony Morton 0-0: Ball
1-0: Ball
2-0: Foul Ball, location: 2F
2-1: SINGLE (Groundball, 34)
Batting: LHB Mario García 0-0: Foul Ball, location: 2F
0-1: Called Strike
0-2: Ball
1-2: Foul Ball, location: 2F
1-2: Ball
2-2: DOUBLE (Line Drive, 9LD)
Tony Morton to third
Runner from 3rd tries for Home, SAFE, no throw or cutoff
Batting: RHB Dave Craig 0-0: Ball
1-0: Called Strike
1-1: Ground out 4-3 (Groundball, 4)
Mario García to third
Batting: LHB Keng-chi Lao 0-0: Ball
1-0: Ball
2-0: Fly out, F9 (Flyball, 9LM)
Runner from 3rd tags up, SCORES, throw made
Batting: LHB Mike MacFadden 0-0: Ball
1-0: Ball
2-0: SINGLE (Groundball, 3D)
Batting: LHB Chris Bates 0-0: Ball
1-0: Foul Ball, location: 2F
1-1: Foul Ball, location: 2F
1-2: Reached on error, E6 (Groundball, 6M)
Mike MacFadden to second
Batting: LHB Jeff Cole 0-0: Called Strike
0-1: Ball
1-1: Foul Ball, location: 2F
1-2: Ball
2-2: Ball
3-2: Base on Balls
Mike MacFadden to third
Chris Bates to second
Batting: SHB Alonso Ferreira 0-0: Foul Ball, location: 2F
0-1: Called Strike
0-2: Ball
1-2: Ball
2-2: Fly out, F7 (Flyball, 78D)
Top of the 2nd over - 2 run(s), 3 hit(s), 1 error(s), 3 left on base; Baffin Island 2 - San Francisco 0
BOTTOM OF THE 2ND
San Francisco Bandits batting - Pitching for Baffin Island Beavers : LHP Marcos Benítez
Batting: SHB Vicente Ricks 0-0: Ball
1-0: Foul Ball, location: 2F
1-1: Foul Ball, location: 2F
1-2: Ball
2-2: Foul Ball, location: 2F
2-2: Ball
3-2: Foul Ball, location: 2F
3-2: SINGLE (Line Drive, 7S)
Batting: RHB Bob Orr 0-0: Called Strike
0-1: Called Strike
0-2: Ball
1-2: Strikes out swinging
Batting: RHB Emílio Bruno 0-0: DOUBLE (Line Drive, 7LD)
Vicente Ricks to third
Runner from 3rd tries for Home, SAFE, no throw or cutoff
Batting: RHB Javier Ramírez 0-0: Ball
1-0: SINGLE (Line Drive, 9LS)
Emílio Bruno to third
Batting: RHB Pete Rideout 0-0: Called Strike
0-1: Ball
1-1: Swinging Strike
1-2: Foul Ball, location: 2F
1-2: Strikes out swinging
Batting: LHB Jerry Bryan 0-0: Ball
1-0: Ball
2-0: Called Strike
2-1: Ball
3-1: DOUBLE (Flyball, 78D)
Emílio Bruno scores
Javier Ramírez to third
Runner from 3rd tries for Home, SAFE, no throw or cutoff
Batting: RHB Jorge Morales 0-0: Ball
1-0: Swinging Strike
Passed Ball!
Jerry Bryan to third
1-1: Fly out, F7 (Flyball, 78D)
Bottom of the 2nd over - 3 run(s), 4 hit(s), 0 error(s), 1 left on base; Baffin Island 2 - San Francisco 3
TOP OF THE 3RD
Baffin Island Beavers batting - Pitching for San Francisco Bandits : RHP Álex Rodríguez
Batting: LHB Lorenzo Villa 0-0: Ball
1-0: Ground out 1-3 (Groundball, 15)
Batting: RHB Tony Morton 0-0: Fly out, F9 (Flyball, 9D)
Batting: LHB Mario García 0-0: Called Strike
0-1: Ball
1-1: Ball
2-1: Swinging Strike
2-2: Ball
3-2: Foul Ball, location: 2F
3-2: Foul Ball, location: 2F
3-2: Ground out 4-3 (Groundball, 4)
Top of the 3rd over - 0 run(s), 0 hit(s), 0 error(s), 0 left on base; Baffin Island 2 - San Francisco 3
BOTTOM OF THE 3RD
San Francisco Bandits batting - Pitching for Baffin Island Beavers : LHP Marcos Benítez
Batting: RHB Michael Elliott 0-0: SINGLE (Groundball, 6MD)
Batting: RHB Cory Foster 0-0: Foul Ball, location: 2F
0-1: Called Strike
0-2: Ball
1-2: Foul Ball, location: 2F
1-2: SINGLE (Line Drive, 78S)
Michael Elliott to second
Batting: SHB Vicente Ricks 0-0: Ball
1-0: Ball
2-0: SINGLE (Flyball, 78S)
Michael Elliott to third
Cory Foster to second
Runner from 3rd tries for Home, SAFE, no throw or cutoff
Batting: RHB Bob Orr 0-0: Called Strike
0-1: Foul Ball, location: 2F
0-2: Ball
1-2: Ball
2-2: SINGLE (Line Drive, 9S)
Cory Foster to third
Vicente Ricks to second
Runner from 3rd tries for Home, throw and OUT!
Vicente Ricks to third
Bob Orr to second
Batting: RHB Emílio Bruno 0-0: Ball
1-0: Ground out 4-3 (Groundball, 4M)
Vicente Ricks scores
Bob Orr to third
Batting: RHB Javier Ramírez 0-0: Foul Ball, location: 2F
0-1: Foul Ball, location: 2F
0-2: Ball
1-2: Strikes out swinging
Bottom of the 3rd over - 2 run(s), 4 hit(s), 0 error(s), 1 left on base; Baffin Island 2 - San Francisco 5
TOP OF THE 4TH
Baffin Island Beavers batting - Pitching for San Francisco Bandits : RHP Álex Rodríguez
Batting: RHB Dave Craig 0-0: Ball
1-0: Foul Ball, location: 2F
1-1: Foul Ball, location: 2F
1-2: Ball
2-2: Foul Ball, location: 2F
2-2: SINGLE (Line Drive, 4M)
Batting: LHB Keng-chi Lao 0-0: Called Strike
0-1: Ball
1-1: Ball
2-1: Foul Ball, location: 2F
2-2: Ball
3-2: Fly out, F7 (Flyball, 7LM)
Batting: LHB Mike MacFadden 0-0: Ball
1-0: Ball
2-0: Foul Ball, location: 2F
2-1: Ball
3-1: Foul Ball, location: 2F
3-2: Ground out 4-3 (Groundball, 4M)
Dave Craig to second
Batting: LHB Chris Bates 0-0: Ball
1-0: Ground out U3 (Groundball, 3S)
Top of the 4th over - 0 run(s), 1 hit(s), 0 error(s), 1 left on base; Baffin Island 2 - San Francisco 5
BOTTOM OF THE 4TH
San Francisco Bandits batting - Pitching for Baffin Island Beavers : LHP Marcos Benítez
Batting: RHB Pete Rideout 0-0: Ball
1-0: Ball
2-0: Called Strike
2-1: Ground out 6-3 (Groundball, 6)
Batting: LHB Jerry Bryan 0-0: Ball
1-0: Foul Ball, location: 2F
1-1: Foul Ball, location: 2F
1-2: Foul Ball, location: 2F
1-2: Ground out 4-3 (Groundball, 4M)
Batting: RHB Jorge Morales 0-0: Ball
1-0: Ground out 6-3 (Groundball, 6M)
Bottom of the 4th over - 0 run(s), 0 hit(s), 0 error(s), 0 left on base; Baffin Island 2 - San Francisco 5
TOP OF THE 5TH
Baffin Island Beavers batting - Pitching for San Francisco Bandits : RHP Álex Rodríguez
Pitching: RHP Carlos Ruíz
Batting: LHB Jeff Cole 0-0: Ball
1-0: Ball
2-0: Ball
3-0: Called Strike
3-1: Called Strike
3-2: Base on Balls
Batting: SHB Alonso Ferreira 0-0: Swinging Strike
0-1: Foul Ball, location: 2F
0-2: Foul Ball, location: 2F
0-2: Foul Ball, location: 2F
0-2: Foul Ball, location: 2F
0-2: Ball
1-2: Foul Ball, location: 2F
1-2: Ball
2-2: Ball
3-2: Foul Ball, location: 2F
3-2: Fly out, F8 (Flyball, 8RD)
Batting: LHB Lorenzo Villa 0-0: Ball
1-0: Called Strike
Jeff Cole steals 2nd base
1-1: Fly out, F9 (Line Drive, 89M)
Batting: RHB Tony Morton 0-0: Ball
1-0: Ball
2-0: Ball
3-0: Called Strike
3-1: Called Strike
3-2: Foul Ball, location: 2F
3-2: Base on Balls
Pitching: RHP José Rivera
Batting: LHB Mario García 0-0: Ball
1-0: Swinging Strike
1-1: Called Strike
1-2: Ground out 1-3 (Groundball, 13S)
Top of the 5th over - 0 run(s), 0 hit(s), 0 error(s), 2 left on base; Baffin Island 2 - San Francisco 5
BOTTOM OF THE 5TH
San Francisco Bandits batting - Pitching for Baffin Island Beavers : LHP Marcos Benítez
Batting: RHB Michael Elliott 0-0: Swinging Strike
0-1: Foul Ball, location: 2F
0-2: Ground out 4-3 (Groundball, 4MS)
Batting: RHB Cory Foster 0-0: Foul Ball, location: 2F
0-1: Ball
1-1: Foul Ball, location: 2F
1-2: Ball
2-2: SINGLE (Groundball, 6MD)
Batting: SHB Vicente Ricks 0-0: Called Strike
Cory Foster is caught stealing 2nd base
0-1: Ground out 6-3 (Groundball, 56)
Bottom of the 5th over - 0 run(s), 1 hit(s), 0 error(s), 0 left on base; Baffin Island 2 - San Francisco 5
TOP OF THE 6TH
Baffin Island Beavers batting - Pitching for San Francisco Bandits : RHP José Rivera
Batting: RHB Dave Craig 0-0: Ball
1-0: Fly out, F1 (Line Drive, 13)
Batting: LHB Keng-chi Lao 0-0: Foul Ball, location: 2F
0-1: Ball
1-1: Ball
2-1: Foul Ball, location: 2F
2-2: Ball
3-2: Base on Balls
Batting: LHB Mike MacFadden 0-0: Ball
1-0: Ball
Keng-chi Lao steals 2nd base
2-0: Called Strike
2-1: Ground out 3-1 (Groundball, 34)
Keng-chi Lao to third
Batting: LHB Chris Bates 0-0: Fly out, F9 (Flyball, 9D)
Top of the 6th over - 0 run(s), 0 hit(s), 0 error(s), 1 left on base; Baffin Island 2 - San Francisco 5
BOTTOM OF THE 6TH
San Francisco Bandits batting - Pitching for Baffin Island Beavers : LHP Marcos Benítez
Batting: RHB Bob Orr 0-0: Called Strike
0-1: Ball
1-1: Ball
2-1: Ball
3-1: Called Strike
3-2: Base on Balls
Batting: RHB Emílio Bruno 0-0: Swinging Strike
0-1: Ground out 4-3 (Groundball, 4M)
Bob Orr to second
Batting: RHB Javier Ramírez 0-0: Ball
1-0: Ball
2-0: Called Strike
2-1: Ball
3-1: SINGLE (Popup, 56D)
Bob Orr to third
Runner from 3rd tries for Home, SAFE, no throw or cutoff
Batting: RHB Pete Rideout 0-0: Ball
1-0: Grounds into double play, 5-4-3 (Groundball, 5L)
Bottom of the 6th over - 1 run(s), 1 hit(s), 0 error(s), 0 left on base; Baffin Island 2 - San Francisco 6
TOP OF THE 7TH
Baffin Island Beavers batting - Pitching for San Francisco Bandits : RHP José Rivera
Batting: LHB Jeff Cole 0-0: Foul Ball, location: 2F
0-1: Called Strike
0-2: Foul Ball, location: 2F
0-2: Ball
1-2: Ball
2-2: Ball
3-2: SINGLE (Line Drive, 4M)
Batting: SHB Alonso Ferreira 0-0: Ball
1-0: Foul Ball, location: 2F
1-1: Grounds out, U3 (Groundball, 3L)
Batting: LHB Lorenzo Villa 0-0: Ball
1-0: Ground out U3 (Groundball, 3S)
Jeff Cole to third
Batting: RHB Tony Morton 0-0: Called Strike
0-1: Ball
1-1: Called Strike
1-2: Ball
2-2: Ball
3-2: Ground out 1-3 (Groundball, 13)
Top of the 7th over - 0 run(s), 1 hit(s), 0 error(s), 1 left on base; Baffin Island 2 - San Francisco 6
BOTTOM OF THE 7TH
San Francisco Bandits batting - Pitching for Baffin Island Beavers : LHP Marcos Benítez
Pitching: RHP Ron Henningar
Batting: LHB Jerry Bryan 0-0: Swinging Strike
0-1: Ball
1-1: Called Strike
1-2: Foul Ball, location: 2F
1-2: Foul Ball, location: 2F
1-2: Foul Ball, location: 2F
1-2: Ball
2-2: SINGLE (Line Drive, 89S)
Batting: RHB Jorge Morales 0-0: Foul Ball, location: 2F
0-1: Ball
1-1: Ball
2-1: Called Strike
2-2: SINGLE (Line Drive, 6MD)
Jerry Bryan to second
Batting: RHB Michael Elliott 0-0: Called Strike
0-1: Ball
1-1: Ball
2-1: Ball
3-1: Fly out, F4 (Line Drive, 4)
3-1: Lined into DP, 4-6 (Line Drive, 4)
Batting: RHB Cory Foster 0-0: Ball
1-0: Ball
2-0: Called Strike
2-1: Swinging Strike
2-2: Foul Ball, location: 2F
2-2: Foul Ball, location: 2F
2-2: Foul Ball, location: 2F
2-2: Ball
3-2: Strikes out swinging
Bottom of the 7th over - 0 run(s), 2 hit(s), 0 error(s), 1 left on base; Baffin Island 2 - San Francisco 6
TOP OF THE 8TH
Baffin Island Beavers batting - Pitching for San Francisco Bandits : RHP José Rivera
Batting: LHB Mario García 0-0: Called Strike
0-1: Ball
1-1: Ball
2-1: Ground out 3-1 (Groundball, 34)
Batting: RHB Dave Craig 0-0: Fly out, F6 (Popup, 6M)
Batting: LHB Keng-chi Lao 0-0: Called Strike
0-1: Called Strike
0-2: Ball
1-2: Foul Ball, location: 2F
1-2: Ground out 4-3 (Groundball, 4)
Top of the 8th over - 0 run(s), 0 hit(s), 0 error(s), 0 left on base; Baffin Island 2 - San Francisco 6
BOTTOM OF THE 8TH
San Francisco Bandits batting - Pitching for Baffin Island Beavers : RHP Ron Henningar
Batting: SHB Vicente Ricks 0-0: Called Strike
0-1: Ball
1-1: Called Strike
1-2: Ball
2-2: Strikes out swinging
Batting: RHB Bob Orr 0-0: Ball
1-0: Swinging Strike
1-1: Reaches on Catchers interference
Batting: RHB Emílio Bruno 0-0: Ball
1-0: Called Strike
1-1: Fly out, F7 (Flyball, 7D)
Batting: RHB Javier Ramírez 0-0: Ball
1-0: Ball
2-0: Ball
3-0: Called Strike
3-1: Called Strike
3-2: Fly out, F9 (Flyball, 9LM)
Bottom of the 8th over - 0 run(s), 0 hit(s), 1 error(s), 1 left on base; Baffin Island 2 - San Francisco 6
TOP OF THE 9TH
Baffin Island Beavers batting - Pitching for San Francisco Bandits : RHP José Rivera
Batting: LHB Mike MacFadden 0-0: Ground out U3 (Groundball, 3)
Batting: LHB Chris Bates 0-0: Called Strike
0-1: Ball
1-1: Ground out U3 (Groundball, 3S)
Batting: LHB Jeff Cole 0-0: Called Strike
0-1: Called Strike
0-2: Ball
1-2: Ball
2-2: Ball
3-2: Strikes out swinging
Top of the 9th over - 0 run(s), 0 hit(s), 0 error(s), 0 left on base; Baffin Island 2 - San Francisco 6
Monday, December 5th, 2016 - OOTP Baseball 17.12 Build 75